[Event "ICC tourney 2499 (45 10)"]
[Site "Internet Chess Club"]
[Date "2021.04.10"]
[Round "2"]
[White "SPERBER, JACOB:jacobsperber"]
[Black "SARAVIA, KYLE AUSTIN:Kyle45"]
[Result "1-0"]
[ICCResult "Black resigns"]
[WhiteElo "1457"]
[BlackElo "1100"]
[Opening "QGD: Semi-Tarrasch, 5.cd"]
[ECO "D41"]
[NIC "TD.12"]
[Time "13:31:30"]
[PlyCount "77"]
[TimeControl "2700+10"]

1. d4 Nf6 2. c4 e6 3. Nf3 d5 4. Nc3 c5 5. cxd5 exd5 6. Bg5 Be6 7. e3 a6 8.
a3 Nc6 9. Rb1 Rc8 10. dxc5 Bxc5 11. Bxf6 Qxf6 12. Nxd5 Qf5 13. Nc3 Rd8 14.
Qc1 O-O 15. Be2 Qg6 16. O-O Bh3 17. Ne1 Ne5 18. Kh1 Bf5 19. Ra1 Be7 20. f3
Bd3 21. e4 Bxe2 22. Nxe2 Rd6 23. Nf4 Qg5 24. Nd5 Qh4 25. g3 Qh3 26. Nxe7+
Kh8 27. Ng2 Nd3 28. Qc3 Rh6 29. Nh4 Rd8 30. Nef5 Rf6 31. Kg1 h6 32. Rad1
Kh7 33. Rxd3 Rxd3 34. Qxd3 Rc6 35. Qd4 f6 36. Qd7 Qxf1+ 37. Kxf1 Rc1+ 38.
Kg2 Rc2+ 39. Kh3 { Black resigns } 1-0

[Event "ICC tourney 2499 (45 10)"]
[Site "Internet Chess Club"]
[Date "2021.04.10"]
[Round "2"]
[White "Goldblatt, Steven:SGOLD9367"]
[Black "QI, JENNY:eevee11"]
[Result "0-1"]
[ICCResult "White resigns"]
[WhiteElo "1390"]
[BlackElo "1082"]
[Opening "Grünfeld: 5.Bg5"]
[ECO "D91"]
[NIC "GI.08"]
[Time "13:31:17"]
[PlyCount "50"]
[TimeControl "2700+10"]

1. d4 Nf6 2. c4 g6 3. Nf3 Bg7 4. Nc3 d5 5. Bg5 Ne4 6. Nxd5 Nxg5 7. Nxg5 e6
8. Nxf7 Kxf7 9. Nb4 Qxd4 10. Nd3 Nc6 11. e3 Qf6 12. Qc2 e5 13. e4 Nd4 14.
Qc3 Qh4 15. O-O-O Be6 16. Qa5 c6 17. Nxe5+ Kf6 18. g3 Qxe4 19. Qc3 Qxh1 20.
Qxd4 Rhd8 21. Nd7+ Kf7 22. Qf4+ Kg8 23. Be2 Qxh2 24. Bg4 Bh6 25. Nf6+ Kh8 {
White resigns } 0-1

[Event "ICC tourney 2499 (45 10)"]
[Site "Internet Chess Club"]
[Date "2021.04.10"]
[Round "2"]
[White "Kirumaki, Shreya A:Chesspenguin123"]
[Black "wang, William Kaiyuan:williamw601"]
[Result "1/2-1/2"]
[ICCResult "Game drawn by repetition"]
[WhiteElo "1129"]
[BlackElo "1300"]
[Opening "two knights defense: Ulvestad variation"]
[ECO "C57"]
[NIC "KP.01"]
[Time "13:31:29"]
[PlyCount "98"]
[TimeControl "2700+10"]

1. e4 e5 2. Nf3 Nc6 3. Bc4 Nf6 4. Ng5 d5 5. exd5 b5 6. Bb3 Nd4 7. Nc3 Nxb3
8. axb3 b4 9. Ne2 Qxd5 10. f3 e4 11. Nxe4 Nxe4 12. fxe4 Qxe4 13. O-O Bc5+
14. d4 Bd6 15. Nf4 O-O 16. c3 Bb7 17. Re1 Qc6 18. d5 Bc5+ 19. Kh1 Qd7 20.
c4 Rfe8 21. Bd2 a5 22. Qc2 Bf2 23. Rf1 Be3 24. Bxe3 Rxe3 25. Rae1 Rae8 26.
Qd2 Qe7 27. Nd3 Qe4 28. Kg1 Qd4 29. Qf2 f6 30. Nf4 Qe4 31. Ne6 Rxe1 32.
Rxe1 Qd3 33. Nxc7 Rxe1+ 34. Qxe1 Qd4+ 35. Kh1 h6 36. Qc1 Qe5 37. Nb5 Ba6
38. Na7 Qc7 39. Qe3 a4 40. Qe6+ Kh7 41. Qxa6 Qe5 42. Qe6 Qxb2 43. Qe4+ Kh8
44. h3 a3 45. Qe8+ Kh7 46. Qe4+ Kh8 47. Qe8+ Kh7 48. Qe4+ Kh8 49. Qe8+ Kh7
{ Game drawn by repetition } 1/2-1/2

[Event "ICC tourney 2499 (45 10)"]
[Site "Internet Chess Club"]
[Date "2021.04.10"]
[Round "2"]
[White "WU, WINSTON:qjet"]
[Black "FANG, ETHAN GAO:exitixYT"]
[Result "0-1"]
[ICCResult "White checkmated"]
[WhiteElo "1174"]
[BlackElo "1450"]
[Opening "Sicilian: Alapin's variation (2.c3)"]
[ECO "B22"]
[NIC "SI.46"]
[Time "13:31:26"]
[PlyCount "110"]
[TimeControl "2700+10"]

1. e4 c5 2. c3 Nc6 3. d4 cxd4 4. cxd4 g6 5. Nf3 Bg7 6. Nc3 d6 7. Bc4 Nf6 8.
h3 O-O 9. O-O a6 10. a4 Na5 11. Ba2 Bd7 12. Be3 b5 13. b4 Nb7 14. a5 Rc8
15. Rc1 Bc6 16. d5 Bd7 17. Bb6 Qe8 18. Re1 e6 19. Qd2 Nh5 20. Nd4 e5 21.
Nde2 f5 22. Qd3 Nd8 23. Rc2 Nf7 24. Ng3 Nf4 25. Qd1 Kh8 26. Be3 Nxh3+ 27.
gxh3 f4 28. Rf1 fxe3 29. fxe3 Bxh3 30. Rff2 Ng5 31. Rxf8+ Qxf8 32. Rf2 Qe7
33. Qc2 Rf8 34. Qe2 Rxf2 35. Qxf2 Bg4 36. Kg2 Bh3+ 37. Kh2 Bg4 38. Kg2 Nf3
39. Nh1 Bf6 40. Ne2 Bh4 41. Neg3 Qd7 42. Qe2 Bh3+ 43. Kf2 Bg4 44. Kg2 Qc7
45. Nf2 Qc1 46. Qd1 Ne1+ 47. Kh2 Bxg3+ 48. Kxg3 Bxd1 49. Nxd1 Qxd1 50. Bc4
Qf3+ 51. Kh4 Ng2+ 52. Kg5 Qxe3+ 53. Kg4 Qxe4+ 54. Kg5 Qf5+ 55. Kh6 Qh5# {
White checkmated } 0-1

[Event "ICC tourney 2499 (45 10)"]
[Site "Internet Chess Club"]
[Date "2021.04.10"]
[Round "2"]
[White "procopio, Patti:prostripe"]
[Black "JACOBS, STEVE:Steviejay"]
[Result "0-1"]
[ICCResult "White resigns"]
[WhiteElo "1159"]
[BlackElo "1372"]
[Opening "Queen's pawn game"]
[ECO "A46"]
[NIC "QP.05"]
[Time "13:31:26"]
[PlyCount "124"]
[TimeControl "2700+10"]

1. d4 Nf6 2. Nf3 e6 3. Bf4 d5 4. e3 Be7 5. Bd3 O-O 6. O-O b6 7. Nc3 a6 8.
Ne5 Bb7 9. a4 Nbd7 10. Ne2 Nxe5 11. Bxe5 c5 12. c3 c4 13. Bc2 Rc8 14. Bxf6
Bxf6 15. Ng3 g6 16. Qg4 Bg7 17. Qe2 Re8 18. e4 dxe4 19. Bxe4 Bxe4 20. Qxe4
Qd5 21. f3 Rc7 22. Rfe1 Rce7 23. Rad1 f5 24. Qe2 Bh6 25. Qc2 Bf4 26. Ne2
Bc7 27. Rf1 Qd6 28. g3 Qd5 29. Qd2 Kh8 30. Qg5 Kg7 31. h4 h6 32. Qc1 e5 33.
dxe5 Qxe5 34. Rf2 Qe3 35. Kg2 Qxc1 36. Nxc1 Kf6 37. Rfd2 Re1 38. Kf2 Rxd1
39. Rxd1 Re7 40. Ne2 b5 41. axb5 axb5 42. Rd5 Re5 43. Rxe5 Kxe5 44. Nf4
Bb6+ 45. Ke2 g5 46. hxg5 hxg5 47. Ng6+ Kf6 48. Nf8 Ke7 49. Nh7 g4 50. fxg4
fxg4 51. Ng5 Bc5 52. Ne4 Ba7 53. Nd2 Ke6 54. b3 Kd5 55. b4 Bb8 56. Ke3 Be5
57. Nb1 Bxg3 58. Na3 Kc6 59. Ke4 Be1 60. Kd4 g3 61. Nc2 g2 62. Nxe1 g1=Q+ {
White resigns } 0-1

[Event "ICC tourney 2499 (45 10)"]
[Site "Internet Chess Club"]
[Date "2021.04.10"]
[Round "2"]
[White "ZHANG, ETHAN:ethanz1606"]
[Black "HARVEY, JAMES Slade:JamesS"]
[Result "1-0"]
[ICCResult "Black resigns"]
[WhiteElo "1229"]
[BlackElo "1442"]
[Opening "Benoni: classical, 8.Bg5"]
[ECO "A71"]
[NIC "BI.19"]
[Time "13:31:15"]
[PlyCount "135"]
[TimeControl "2700+10"]

1. d4 Nf6 2. c4 c5 3. d5 e6 4. Nc3 exd5 5. cxd5 d6 6. Nf3 g6 7. e4 Bg7 8.
Bg5 O-O 9. Be2 Bg4 10. O-O a6 11. h3 Bxf3 12. Bxf3 b5 13. a3 Nbd7 14. b4 c4
15. Qd2 Ne5 16. Be2 Qc7 17. Bh6 Ra7 18. Bxg7 Kxg7 19. f4 Ned7 20. g4 Qb6+
21. Kg2 Re8 22. Bf3 a5 23. g5 Ng8 24. Qf2 Qxf2+ 25. Rxf2 Rb8 26. Rfa2 Ne7
27. Ne2 f5 28. gxf6+ Nxf6 29. Nd4 c3 30. Kf2 axb4 31. axb4 Rxa2+ 32. Rxa2
Nh5 33. Bxh5 gxh5 34. Ke2 Ng6 35. Ra7+ Kf6 36. Ke3 Rc8 37. Nc2 Rg8 38. Rd7
Nh4 39. Rxd6+ Kf7 40. Ne1 Ng2+ 41. Nxg2 Rxg2 42. Rc6 c2 43. Kd3 Rh2 44.
Rxc2 Rxh3+ 45. Kd4 Rb3 46. Kc5 Re3 47. e5 Re4 48. d6 Rxf4 49. Kxb5 Rf5 50.
Rc7+ Ke8 51. Re7+ Kd8 52. Kc6 h4 53. Rxh7 Rxe5 54. Rh8+ Re8 55. Rxh4 Rg8
56. b5 Kc8 57. b6 Kb8 58. Re4 Rc8+ 59. Kb5 Rd8 60. Kc6 Rc8+ 61. Kd7 Kb7 62.
Re8 Rc3 63. Re6 Kxb6 64. Ke7 Kb7 65. d7 Rc7 66. Ke8 Ka7 67. d8=Q Rc8 68.
Re1 { Black resigns } 1-0

[Event "ICC tourney 2499 (45 10)"]
[Site "Internet Chess Club"]
[Date "2021.04.10"]
[Round "2"]
[White "KHAN, SAMI SHARAF:sami786"]
[Black "ZHOU, GREG:joeandjoe28"]
[Result "0-1"]
[ICCResult "White checkmated"]
[WhiteElo "1011"]
[BlackElo "1413"]
[Opening "Grünfeld: exchange variation"]
[ECO "D85"]
[NIC "GI.03"]
[Time "13:31:16"]
[PlyCount "134"]
[TimeControl "2700+10"]

1. d4 Nf6 2. c4 g6 3. Nc3 d5 4. cxd5 Nxd5 5. g3 Bg7 6. Bg2 Nxc3 7. bxc3 O-O
8. e3 c5 9. Ne2 Nc6 10. h3 Bf5 11. O-O Rc8 12. e4 Bd7 13. d5 Ne5 14. f4 Nc4
15. a4 Qa5 16. e5 Qb6 17. Qd3 Nb2 18. Bxb2 c4+ 19. Qd4 Qxb2 20. Qe3 Bf5 21.
Be4 Bxe4 22. Qxe4 b6 23. Rfb1 Qd2 24. Rd1 Qb2 25. Qe3 b5 26. Nd4 b4 27.
Rdc1 bxc3 28. Rcb1 Qd2 29. Qxd2 cxd2 30. Nb5 c3 31. Nxc3 Rxc3 32. Rd1 Rd3
33. Ra2 Rxd5 34. Raxd2 Rxd2 35. Rxd2 e6 36. Rd7 Ra8 37. Kf2 Bf8 38. Kf3 Bc5
39. Kg4 Rb8 40. Kg5 Kg7 41. h4 Rb4 42. a5 Ra4 43. h5 h6+ 44. Kg4 Rxa5 45.
hxg6 Kxg6 46. Rd8 Kg7 47. f5 exf5+ 48. Kxf5 Bf2 49. g4 Bg3 50. Re8 Rxe5+
51. Rxe5 Bxe5 52. Kxe5 Kg6 53. Kf4 a5 54. Ke3 a4 55. Kd2 Kg5 56. Kc2 Kxg4
57. Kb2 h5 58. Ka3 h4 59. Kxa4 h3 60. Kb3 h2 61. Kb2 h1=Q 62. Ka3 Qb7 63.
Ka2 Kf4 64. Ka3 Ke4 65. Ka4 Kd4 66. Ka3 Kc3 67. Ka2 Qb2# { White checkmated
} 0-1

[Event "ICC tourney 2499 (45 10)"]
[Site "Internet Chess Club"]
[Date "2021.04.10"]
[Round "2"]
[White "FENG, AARON:aaronfeng"]
[Black "Brodbeck, Paul:pbrodbeck"]
[Result "1-0"]
[ICCResult "Black resigns"]
[WhiteElo "1090"]
[BlackElo "1234"]
[Opening "Sicilian: Najdorf, 6.f4"]
[ECO "B93"]
[NIC "SI.12"]
[Time "13:31:28"]
[PlyCount "127"]
[TimeControl "2700+10"]

1. e4 c5 2. Nf3 d6 3. d4 cxd4 4. Nxd4 Nf6 5. Nc3 a6 6. f4 b5 7. a3 Bb7 8.
Qf3 e6 9. Bd3 Be7 10. Qe2 O-O 11. g4 Nc6 12. Nxc6 Bxc6 13. g5 Nd7 14. h4
Qc7 15. Be3 Rfb8 16. Rg1 b4 17. axb4 Rxb4 18. b3 a5 19. Na2 Rbb8 20. Bd2 a4
21. bxa4 Rxa4 22. Bc4 Nb6 23. Bb3 Rxe4 24. Be3 Nd5 25. Bxd5 exd5 26. Nc3
Re6 27. Ra7 Rb7 28. Rxb7 Bxb7 29. Qd2 Qc4 30. Kf2 Bd8 31. Re1 Ba5 32. Bd4
Bxc3 33. Qxc3 Rxe1 34. Kxe1 Qb5 35. Qb3 Qd7 36. Qg3 Qe6+ 37. Kd2 Ba6 38.
Qg2 Qf5 39. Qg3 Qe4 40. Qe3 Qg2+ 41. Qf2 Qe4 42. Qe3 Qxe3+ 43. Kxe3 g6 44.
c3 Bc8 45. Bf6 Be6 46. Be7 Kg7 47. Bxd6 h6 48. Be5+ Kh7 49. Kd4 hxg5 50.
hxg5 Kg8 51. Bd6 Kg7 52. Kc5 f6 53. Kd4 fxg5 54. fxg5 Bg8 55. Be5+ Kf7 56.
Bf6 Ke6 57. Be5 Kf5 58. Bf6 Be6 59. Be7 Kf4 60. Bf6 Kf3 61. Ke5 Ke3 62.
Kxe6 Kd3 63. Kxd5 Ke3 64. c4 { Black resigns } 1-0

[Event "ICC tourney 2499 (45 10)"]
[Site "Internet Chess Club"]
[Date "2021.04.10"]
[Round "3"]
[White "Ramkumar, Nikhil:nikhilramkumar"]
[Black "wang, William Kaiyuan:williamw601"]
[Result "0-1"]
[ICCResult "White checkmated"]
[WhiteElo "667"]
[BlackElo "1300"]
[Opening "Vienna game"]
[ECO "C28"]
[NIC "VG.04"]
[Time "16:02:10"]
[PlyCount "48"]
[TimeControl "2700+10"]

1. e4 e5 2. Nc3 Nc6 3. Bc4 Nf6 4. d3 Be7 5. Bg5 d6 6. f4 Ng4 7. Bxe7 Qxe7
8. Nf3 O-O 9. h3 Ne3 10. Qe2 Nxc4 11. dxc4 exf4 12. Nd5 Qd8 13. Nxf4 f5 14.
Nd5 fxe4 15. Nd2 Nd4 16. Qd1 e3 17. Nf3 Nxf3+ 18. gxf3 Qh4+ 19. Ke2 Qf2+
20. Kd3 Bf5+ 21. Kc3 e2 22. Qd4 e1=Q+ 23. Kb3 Qxc2+ 24. Ka3 Qa5# { White
checkmated } 0-1

[Event "ICC tourney 2499 (45 10)"]
[Site "Internet Chess Club"]
[Date "2021.04.10"]
[Round "3"]
[White "PARK, COLIN:collywog"]
[Black "GUO, MAX:salamenceg"]
[Result "0-1"]
[ICCResult "White checkmated"]
[WhiteElo "1135"]
[BlackElo "1076"]
[Opening "Vienna game"]
[ECO "C28"]
[NIC "VG.04"]
[Time "16:01:44"]
[PlyCount "120"]
[TimeControl "2700+10"]

1. e4 e5 2. Nc3 Nc6 3. Bc4 Nf6 4. d3 Bc5 5. Bg5 h6 6. Bh4 d6 7. Nd5 g5 8.
Bg3 Nxd5 9. Bxd5 Bd7 10. Qh5 Qf6 11. c3 Qg6 12. Qxg6 fxg6 13. b4 Bxb4 14.
cxb4 Nxb4 15. Bxb7 Rb8 16. Rb1 Rxb7 17. a3 Nxd3+ 18. Kd2 Rxb1 19. Kxd3 O-O
20. h4 gxh4 21. Bxh4 Rfb8 22. Kc4 Rc1+ 23. Kd3 Rbb1 24. Bf6 Rxg1 25. Rxh6
Rh1 26. Rxg6+ Kf7 27. Rg7+ Kxf6 28. Rxd7 Rb7 29. Kc4 Rb6 30. Kd3 Rd1+ 31.
Ke2 Rc1 32. Kd2 Ra1 33. Rxc7 Rb2+ 34. Kc3 Rc1+ 35. Kxb2 Rxc7 36. Kb3 Rb7+
37. Kc4 Rb2 38. Kd5 Ke7 39. Kc6 Rxf2 40. Kb7 Rxg2 41. Kxa7 Ra2 42. Kb6 Rxa3
43. Kc6 Re3 44. Kd5 Kd7 45. Kc4 Rxe4+ 46. Kd3 Rd4+ 47. Ke3 Ra4 48. Kd3 d5
49. Ke3 d4+ 50. Kd3 Ra3+ 51. Ke4 d3 52. Kf3 e4+ 53. Ke3 Ra4 54. Kd2 Kd6 55.
Ke3 Kd5 56. Kd2 Kd4 57. Kd1 e3 58. Ke1 d2+ 59. Kd1 Ra1+ 60. Ke2 d1=Q# {
White checkmated } 0-1

[Event "ICC tourney 2499 (45 10)"]
[Site "Internet Chess Club"]
[Date "2021.04.10"]
[Round "3"]
[White "SHAKIROV, DIYOR:Diyor"]
[Black "BASHUR, MICHAEL:MBashur"]
[Result "1-0"]
[ICCResult "Black resigns"]
[WhiteElo "1169"]
[BlackElo "1031"]
[Opening "Sicilian defense"]
[ECO "B30"]
[NIC "SI.31"]
[Time "16:01:46"]
[PlyCount "35"]
[TimeControl "2700+10"]

1. e4 c5 2. Nf3 Nc6 3. c3 d6 4. d4 cxd4 5. cxd4 Bd7 6. Nc3 g6 7. Bc4 e6 8.
O-O Bg7 9. Bf4 e5 10. dxe5 dxe5 11. Be3 Nf6 12. Bc5 b6 13. Bxf7+ Kxf7 14.
Ng5+ Ke8 15. Qb3 Be6 16. Qxe6+ Qe7 17. Bxe7 Nxe7 18. Qf7+ { Black resigns }
1-0

[Event "ICC tourney 2499 (45 10)"]
[Site "Internet Chess Club"]
[Date "2021.04.10"]
[Round "3"]
[White "KINKUS, SAM E:Grandslam34"]
[Black "procopio, Patti:prostripe"]
[Result "1-0"]
[ICCResult "Black resigns"]
[WhiteElo "519"]
[BlackElo "1159"]
[Opening "Caro-Kann: closed (Breyer) variation"]
[ECO "B10"]
[NIC "CK.01"]
[Time "16:01:55"]
[PlyCount "51"]
[TimeControl "2700+10"]

1. e4 c6 2. d3 d5 3. Nd2 d4 4. Ngf3 c5 5. g3 Nc6 6. Bg2 Nf6 7. e5 Nd7 8.
Nc4 b5 9. e6 fxe6 10. Nce5 Ndxe5 11. Nxe5 Bd7 12. Nxc6 Qc7 13. Bf4 Qb6 14.
Ne5 Rd8 15. Qh5+ g6 16. Nxg6 hxg6 17. Qxh8 Bc6 18. Bxc6+ Qxc6 19. O-O Kd7
20. Rfe1 Qf3 21. h3 c4 22. Qxd4+ Ke8 23. Qe4 Qh5 24. h4 cxd3 25. cxd3 Qd5
26. Qxg6+ { Black resigns } 1-0

[Event "ICC tourney 2499 (45 10)"]
[Site "Internet Chess Club"]
[Date "2021.04.10"]
[Round "3"]
[White "SATHYAN, TEJESH MAYURAN:tjsathyan"]
[Black "DINESH KHANNA, NIKITHA SRI:NikiSDKChess"]
[Result "1-0"]
[ICCResult "Black checkmated"]
[WhiteElo "1307"]
[BlackElo "615"]
[Opening "Ruy Lopez: Caro variation"]
[ECO "C70"]
[NIC "RL.09"]
[Time "16:01:47"]
[PlyCount "47"]
[TimeControl "2700+10"]

1. e4 e5 2. Nf3 Nc6 3. Bb5 a6 4. Ba4 b5 5. Bb3 Nf6 6. d3 h6 7. O-O Bc5 8.
c3 O-O 9. d4 exd4 10. cxd4 Bb6 11. e5 Ne8 12. d5 Ne7 13. d6 cxd6 14. exd6
Nf5 15. Ne5 Nexd6 16. g4 Nh4 17. Qxd6 Ba7 18. Bxf7+ Kh8 19. Bxh6 Bb7 20.
Ng6+ Nxg6 21. Qxg6 Bd4 22. Bxg7+ Bxg7 23. Qh5+ Bh6 24. Qxh6# { Black
checkmated } 1-0

[Event "ICC tourney 2499 (45 10)"]
[Site "Internet Chess Club"]
[Date "2021.04.10"]
[Round "3"]
[White "FANG, ETHAN GAO:exitixYT"]
[Black "DONAYRE, LUCA ALONSO:Ldon22"]
[Result "1/2-1/2"]
[ICCResult "Game drawn by mutual agreement"]
[WhiteElo "1450"]
[BlackElo "1046"]
[Opening "Queen's pawn game"]
[ECO "A45"]
[NIC "QP.07"]
[Time "16:01:48"]
[PlyCount "112"]
[TimeControl "2700+10"]

1. d4 Nf6 2. c3 g6 3. c4 Bg7 4. Nc3 O-O 5. Nf3 d6 6. e4 Bg4 7. Be2 Nbd7 8.
h3 Bxf3 9. Bxf3 c6 10. O-O Re8 11. Bg5 h6 12. Bh4 g5 13. Bg3 Qb6 14. Rb1 c5
15. d5 Qa6 16. Nb5 Rac8 17. a3 Qb6 18. Re1 a6 19. Nc3 Nh7 20. Bg4 Rcd8 21.
Qd3 Ne5 22. Bxe5 Bxe5 23. Ne2 Nf6 24. Rf1 Nxg4 25. hxg4 Qc7 26. Qh3 Bg7 27.
f4 f6 28. b4 cxb4 29. Rxb4 Qc5+ 30. Kh2 a5 31. Rxb7 Qxc4 32. Ng3 Qd3 33.
Rf3 Qc2 34. Nf5 Qxe4 35. Rb5 Qa4 36. Rb7 Qe4 37. Qh5 Kh7 38. Qf7 Rg8 39.
Rxe7 Rdf8 40. Qh5 Qxe7 41. Nxe7 Bh8 42. Nxg8 Rxg8 43. f5 Bg7 44. Re3 Rc8
45. Re7 Rg8 46. Qxh6+ Kxh6 47. Ra7 Rc8 48. Rxa5 Rc5 49. Ra8 Rxd5 50. a4 Rd4
51. Kg3 Rd3+ 52. Kf2 Rd4 53. Kg3 Rd3+ 54. Kf2 d5 55. a5 Ra3 56. a6 Ra4 {
Game drawn by mutual agreement } 1/2-1/2

[Event "ICC tourney 2499 (45 10)"]
[Site "Internet Chess Club"]
[Date "2021.04.10"]
[Round "3"]
[White "ZHOU, GREG:joeandjoe28"]
[Black "SCHWARTZ, DOUGLAS S:Douglas1"]
[Result "1/2-1/2"]
[ICCResult "Game drawn by mutual agreement"]
[WhiteElo "1413"]
[BlackElo "1011"]
[Opening "Ruy Lopez: classical defense, 4.c3"]
[ECO "C64"]
[NIC "RL.01"]
[Time "16:01:42"]
[PlyCount "80"]
[TimeControl "2700+10"]

1. e4 e5 2. Nf3 Nc6 3. Bb5 Bc5 4. c3 Nf6 5. O-O Nxe4 6. Qe2 Bxf2+ 7. Rxf2
Nxf2 8. Kxf2 d6 9. d4 a6 10. Bxc6+ bxc6 11. dxe5 O-O 12. Bg5 Qe8 13. Nbd2
dxe5 14. Re1 Rb8 15. b3 a5 16. Bh4 f6 17. Kg1 Be6 18. Bf2 a4 19. c4 axb3
20. axb3 Bg4 21. h3 Bxf3 22. Qxf3 Kh8 23. Bc5 Rf7 24. Ra1 Rd7 25. Nf1 Rdd8
26. Ra6 h6 27. Ra7 Rdc8 28. Ra6 Ra8 29. Qxc6 Rxa6 30. Qxa6 Rb8 31. b4 Ra8
32. Qb7 c6 33. Ne3 Rb8 34. Qe7 Qxe7 35. Bxe7 Ra8 36. Kf2 Ra2+ 37. Kf3 Kh7
38. Bc5 Kg6 39. b5 cxb5 40. cxb5 Ra5 { Game drawn by mutual agreement }
1/2-1/2

[Event "ICC tourney 2499 (45 10)"]
[Site "Internet Chess Club"]
[Date "2021.04.10"]
[Round "3"]
[White "KARLIN, ARI Z.:arikarlin1"]
[Black "CAI, ALAN ZHUOCHENG:flying-ninja"]
[Result "0-1"]
[ICCResult "White checkmated"]
[WhiteElo "259"]
[BlackElo "1276"]
[Opening "Sicilian: Najdorf, Byrne (English) attack"]
[ECO "B90"]
[NIC "SI.14"]
[Time "16:01:42"]
[PlyCount "130"]
[TimeControl "2700+10"]

1. e4 c5 2. Nf3 d6 3. d4 cxd4 4. Nxd4 Nf6 5. Nc3 a6 6. Be3 e5 7. Nb3 Be6 8.
Bd3 d5 9. exd5 Nxd5 10. Nxd5 Bxd5 11. O-O Be7 12. f3 O-O 13. Nc5 Qb6 14.
Bxh7+ Kxh7 15. Qxd5 Qxb2 16. Qd3+ f5 17. Rfb1 e4 18. fxe4 Qe5 19. Bd4 Bxc5
20. Bxc5 Qxc5+ 21. Kh1 b5 22. exf5 Qxf5 23. Qe2 Nd7 24. Rf1 Rae8 25. Rxf5
Rxe2 26. Rxf8 Nxf8 27. Rc1 b4 28. Kg1 Ne6 29. Kf1 Nd4 30. Rd1 a5 31. Rxd4
Rxc2 32. Ke1 Rxa2 33. Kd1 b3 34. Kc1 a4 35. Rb4 Rxg2 36. Rxa4 b2+ 37. Kb1
Rxh2 38. Ra7 Kh6 39. Ra8 Rf2 40. Rh8+ Kg5 41. Rb8 g6 42. Rb5+ Kh4 43. Rb4+
Kh5 44. Rb8 g5 45. Rh8+ Kg4 46. Rg8 Kh4 47. Rh8+ Kg3 48. Rg8 g4 49. Rg7 Kh3
50. Rh7+ Kg2 51. Rg7 g3 52. Rg8 Kh2 53. Rh8+ Kg1 54. Rh3 g2 55. Rd3 Kh2 56.
Rd1 Rf1 57. Rxf1 gxf1=Q+ 58. Kxb2 Qc4 59. Ka1 Qb4 60. Ka2 Kg2 61. Ka1 Kf2
62. Ka2 Ke2 63. Ka1 Kd2 64. Ka2 Kc2 65. Ka1 Qa4# { White checkmated } 0-1

[Event "ICC tourney 2499 (45 10)"]
[Site "Internet Chess Club"]
[Date "2021.04.10"]
[Round "3"]
[White "McQuillin, Danil Alsandair:DanilMcQuillin"]
[Black "SPERBER, JACOB:jacobsperber"]
[Result "1-0"]
[ICCResult "Black checkmated"]
[WhiteElo "1193"]
[BlackElo "1457"]
[Opening "King's Indian: Makagonov system (5.h3)"]
[ECO "E71"]
[NIC "KI.30"]
[Time "16:01:45"]
[PlyCount "53"]
[TimeControl "2700+10"]

1. c4 Nf6 2. Nc3 g6 3. e4 d6 4. d4 Bg7 5. h3 O-O 6. Be3 e5 7. d5 Ne8 8. g4
Na6 9. Bd3 Nc5 10. Bc2 a5 11. Qd2 Rb8 12. O-O-O Bd7 13. a4 f6 14. f3 Na6
15. h4 c6 16. Nge2 Rf7 17. Rdg1 Bf8 18. g5 f5 19. exf5 Bxf5 20. Bxf5 Rxf5
21. h5 Nc5 22. Kd1 Rxf3 23. hxg6 hxg6 24. Qc2 Rxe3 25. Qxg6+ Bg7 26. Rf1
Qe7 27. Qh7# { Black checkmated } 1-0

[Event "ICC tourney 2499 (45 10)"]
[Site "Internet Chess Club"]
[Date "2021.04.10"]
[Round "3"]
[White "KHAN, SAMI SHARAF:sami786"]
[Black "STONE, GILBERT L:tightfist"]
[Result "0-1"]
[ICCResult "White resigns"]
[WhiteElo "1011"]
[BlackElo "1450"]
[Opening "QGD: exchange, positional line, 6.Qc2"]
[ECO "D36"]
[NIC "QO.16"]
[Time "16:02:10"]
[PlyCount "68"]
[TimeControl "2700+10"]

1. d4 Nf6 2. c4 e6 3. Nc3 d5 4. cxd5 exd5 5. Bg5 c6 6. Qc2 Nbd7 7. e3 Be7
8. Bd3 O-O 9. Nge2 h6 10. Bh4 Nh5 11. Bxe7 Qxe7 12. O-O Nhf6 13. Nf4 Re8
14. Rae1 Nf8 15. f3 g5 16. Nh3 Bxh3 17. gxh3 N6h7 18. Kh1 Qf6 19. h4 Kh8
20. hxg5 Nxg5 21. Bf5 Re7 22. Qd3 Rae8 23. e4 Ng6 24. e5 Qg7 25. Bxg6 fxg6
26. h4 Ne6 27. f4 Rf7 28. f5 gxf5 29. Rxf5 Ref8 30. Ref1 Rxf5 31. Rxf5 Rg8
32. Qf1 Nxd4 33. Rf7 Qxe5 34. Qd3 Qe1+ { White resigns } 0-1

[Event "ICC tourney 2499 (45 10)"]
[Site "Internet Chess Club"]
[Date "2021.04.10"]
[Round "3"]
[White "Brodbeck, Paul:pbrodbeck"]
[Black "Kirumaki, Shreya A:Chesspenguin123"]
[Result "0-1"]
[ICCResult "White resigns"]
[WhiteElo "1234"]
[BlackElo "1129"]
[Opening "QGD Slav: 4.Nc3"]
[ECO "D15"]
[NIC "SL.03"]
[Time "16:01:48"]
[PlyCount "74"]
[TimeControl "2700+10"]

1. d4 Nf6 2. c4 c6 3. Nf3 d5 4. Nc3 Bf5 5. cxd5 cxd5 6. Qb3 b6 7. Bg5 e6 8.
Ne5 Be7 9. Qb5+ Nbd7 10. Bxf6 Bxf6 11. Nc6 Qc7 12. Ne5 Bxe5 13. dxe5 Qxe5
14. e3 Qd6 15. Qa4 Rd8 16. Qxa7 O-O 17. Qa4 Nc5 18. Qd1 e5 19. Be2 d4 20.
Nb5 Qd5 21. exd4 exd4 22. O-O Ne6 23. a4 Nf4 24. Bf3 Be4 25. Nc7 Qb7 26.
Rc1 Bxf3 27. Qxf3 Qxf3 28. gxf3 Ne2+ 29. Kg2 Nxc1 30. Rxc1 d3 31. b4 d2 32.
Rd1 Rd7 33. Nb5 Ra8 34. Nc3 Rd3 35. a5 Rxc3 36. Rxd2 bxa5 37. bxa5 g6 {
White resigns } 0-1

[Event "ICC tourney 2499 (45 10)"]
[Site "Internet Chess Club"]
[Date "2021.04.10"]
[Round "3"]
[White "JOHNSON, WILL:ChemStud24"]
[Black "ZHANG, ETHAN:ethanz1606"]
[Result "1-0"]
[ICCResult "Black resigns"]
[WhiteElo "1473"]
[BlackElo "1229"]
[Opening "Evans gambit: Tartakower attack"]
[ECO "C52"]
[NIC "IG.05"]
[Time "16:01:55"]
[PlyCount "93"]
[TimeControl "2700+10"]

1. e4 e5 2. Nf3 Nc6 3. Bc4 Bc5 4. b4 Bxb4 5. c3 Ba5 6. d4 d6 7. Qb3 Qe7 8.
d5 Nb8 9. Qb5+ c6 10. Qxa5 Nf6 11. Bg5 O-O 12. O-O h6 13. Bxf6 Qxf6 14.
Nbd2 Qg6 15. Rfe1 Bh3 16. g3 b6 17. Qa3 c5 18. Bf1 Bg4 19. Bg2 Nd7 20. c4
Nf6 21. Qe3 Rab8 22. Nh4 Qh7 23. h3 Bd7 24. a4 a6 25. Qf3 g5 26. Nf5 Bxf5
27. Qxf5 Qxf5 28. exf5 b5 29. axb5 axb5 30. Ra6 Rfd8 31. cxb5 Rxb5 32. Nc4
Ne8 33. Rea1 Kg7 34. Ra8 Rb1+ 35. Rxb1 Rxa8 36. Rb6 Rd8 37. Be4 f6 38. Bc2
Kf7 39. Ba4 Nc7 40. Rb7 Kg8 41. Rxc7 Ra8 42. Nb6 Ra6 43. Rc6 Ra7 44. Rxd6
Ra6 45. Rxf6 c4 46. Rc6 c3 47. d6 { Black resigns } 1-0